 Dungeon Crawl Stone Soup version 0.29-a0-830-gcb1280458a (webtiles) character file.

Game seed: 13855541940767447023

90 Locuples the Sneak (level 4, -2/33 HPs)
             Began as a Demonspawn Brigand on July 12, 2022.
             Slain by Crazy Yiuf
             ... wielding a +3 quarterstaff of chaos
              (8 damage)
             ... on level 2 of the Dungeon.
             The game lasted 00:05:18 (1993 turns).

Locuples the Sneak (Demonspawn Brigand)             Turns: 1993, Time: 00:05:19

Health: -2/33      AC:  3    Str: 14    XL:     4   Next: 32%
Magic:  0/4        EV: 11    Int: 12    God:
Gold:   100        SH:  0    Dex: 14    Spells: 3/3 levels left

rFire   . . .      SeeInvis .   l - +2 dagger (flame)
rCold   . . .      Faith    .   (no shield)
rNeg    . . .      Spirit   +   b - +0 robe
rPois   .          Reflect  .   (no helmet)
rElec   .          Harm     .   c - +0 cloak
rCorr   .          Rampage  .   (no gloves)
Will    .....                   (no boots)
Stlth   +++.......              g - amulet of guardian spirit
HPRegen 0.11/turn               (no ring)
MPRegen 0.09/turn               (no ring)

@: no status effects
A: demonic guardian 1, foul stench 2
a: no special abilities


You were on level 2 of the Dungeon.
You visited 1 branch of the dungeon, and saw 2 of its levels.

You collected 100 gold pieces.

Inventory:

Hand Weapons
 a - a +2 dagger
 l - a +2 dagger of flaming (weapon)
Missiles
 d - 15 poisoned darts (quivered)
 e - 3 curare-tipped darts
Armour
 b - a +0 robe (worn)
 c - a +0 cloak (worn)
Jewellery
 g - an amulet of guardian spirit (around neck)
Scrolls
 i - a scroll of teleportation {unknown}
 k - 3 scrolls of amnesia {unknown}
 m - a scroll of noise {unknown}
 n - a scroll of acquirement {unknown}
 o - a scroll of identify {unknown}
 p - a scroll of poison {unknown}
Potions
 f - a potion of curing
 h - a potion of magic {unknown}
 j - a potion of mutation {unknown}


   Skills:
 + Level 2.0 Fighting
 * Level 2.0 Short Blades
 - Level 1.7 Throwing
 + Level 1.0 Dodging
 * Level 5.4 Stealth


You had 3 spell levels left.
You didn't know any spells.
Your spell library contained the following spells:

 Spells                   Type           Power      Damage    Failure   Level
 Ensorcelled Hibernation  Hex/Ice        0%         N/A       45%         2
 Spider Form              Tmut/Pois      0%         N/A       69%         3
 Airstrike                Air            0%         0-1+      97%         4
 Anguish                  Hex/Necr       0%         N/A       97%         4
 Summon Lightning Spire   Summ/Air       0%         N/A       97%         4
 Lightning Bolt           Conj/Air       0%         1d11      100%        5


Dungeon Overview and Level Annotations

Branches:
Dungeon (2/15)

Altars:

Annotations:
D:2 Crazy Yiuf


Innate Abilities, Weirdness & Mutations

A weak demonic guardian rushes to your aid.
You sometimes emit foul miasma when damaged in melee.


Message History

Crazy Yiuf is lightly wounded.
You feel sick. Crazy Yiuf barely misses you.
You hit Crazy Yiuf but do no damage.
Crazy Yiuf is lightly wounded.
You feel sick.
Crazy Yiuf hits you with a +3 quarterstaff of chaos!
A demonic guardian appears!
Crazy Yiuf burns you!
* * * LOW HITPOINT WARNING * * *
Crazy Yiuf attacks as you move away! Crazy Yiuf closely misses you.
* * * LOW HITPOINT WARNING * * *
You feel sick.
You swap places.
* * * LOW HITPOINT WARNING * * *
You feel sick.
Your ufetubus hits Crazy Yiuf but does no damage.
Your ufetubus barely misses Crazy Yiuf.
Crazy Yiuf misses your ufetubus.
Your ufetubus hits Crazy Yiuf. x2
* * * LOW HITPOINT WARNING * * *
You feel sick.
Crazy Yiuf hits your ufetubus with a +3 quarterstaff of chaos!
Your ufetubus dies!
Your ufetubus disappears in a puff of smoke!
It was a potion of curing.
You feel better. What are your orders? t - Shout!
Orders for allies: a - Attack new target. r - Retreat! s - Stop attacking. g - Guard the area. f - Follow me.
Anything else - Cancel.
Okay, then.
Crazy Yiuf waves his quarterstaff at you.
Crazy Yiuf says, "Orb!"
Crazy Yiuf flaps his cloak.
Crazy Yiuf attacks as you move away!
Crazy Yiuf hits you with a +3 quarterstaff of chaos!
* * * LOW HITPOINT WARNING * * *
You feel your power leaking away. Crazy Yiuf attacks as you move away!
Crazy Yiuf hits you with a +3 quarterstaff of chaos!
You die...

..# #>.# #...##g.#......## #..#
..###.## #...'.####......# ##.#
....#.# #)..### ##..#..# #.#
.###..# ### #####.# #.# ## ##.##
#..# #.# # ##[# ##.# #.# #.#
########..# #.# #
##.#########.........# #.# ##
##..##....>..@g.......# #.#
.###.#.##.######.........# #.#
#..†##.##.# ##........# #.#
##.###.##.# ##.....#.# #.# #.#
#.##.###### ##...##.# #.# #.#
#.##.##...## ##.....# #.#
#.###.##.#..#..##############.#
##.##.#.#.#.###...)............#
.....###.....#........##########


You could see Crazy Yiuf.

Vanquished Creatures
  3 adders (D:2)
  4 worms (D:2)
  3 dart slugs
  7 endoplasms
  2 giant cockroaches
  4 goblins (D:1)
  5 hobgoblins
  3 kobolds
  3 ball pythons
  3 frilled lizards (D:2)
  5 rats
42 creatures vanquished.

Vanquished Creatures (collateral kills)
  A bat (D:2)
  A rat (D:1)
2 creatures vanquished.

Grand Total: 44 creatures vanquished

Notes
Turn   | Place    | Note
-------+----------+-------------------------------------------
     0 | D:1      | Locuples the Demonspawn Brigand began the quest for the
                  | Orb.
     0 | D:1      | Reached XP level 1. HP: 16/16 MP: 1/1
    67 | D:1      | Reached skill level 4 in Stealth
   154 | D:1      | Gained mutation: A weak demonic guardian rushes to your
                  | aid. [demonic ancestry]
   154 | D:1      | Reached XP level 2. HP: 22/22 MP: 2/2
   831 | D:2      | Gained mutation: You may rarely emit foul miasma when
                  | damaged in melee. [demonic ancestry]
   831 | D:2      | Reached XP level 3. HP: 27/27 MP: 3/3
  1082 | D:2      | Found a runed translucent door.
  1083 | D:2      | Noticed Crazy Yiuf
  1205 | D:2      | Found a faded altar of an unknown god.
  1368 | D:2      | Reached skill level 1 in Dodging
  1368 | D:2      | Reached skill level 5 in Stealth
  1411 | D:2      | Gained mutation: You sometimes emit foul miasma when
                  | damaged in melee. [demonic ancestry]
  1411 | D:2      | Reached XP level 4. HP: 23/33 MP: 4/4
  1993 | D:2      | Slain by Crazy Yiuf

Illustrated notes

Levels and vault maps discovered:
D:1:      scummos_arrival_simple_fountains, layout_loops_ring,
          chequers_hall_statues_wall_a
D:2:      layout_loops_ring, shapermc_ecumenical_altar_notcrosses,
          uniq_crazy_yiuf_cottage

Skill      XL: |  1  2  3  4 |
---------------+-------------+-----
Stealth        | 4 5 |  5.4
Dodging        | 1 |  1.0
Short Blades   | 2 |  2.0
Fighting       | |  2.0
Throwing       | |  1.7

Action                   |  1- 3 |  4- 6 || total
-------------------------+-------+-------++-------
Melee: Dagger            |    92 |    22 ||   114
       Punch             |     1 |       ||     1
  Use: Potion            |       |     1 ||     1
 Stab: Sleeping          |    11 |     3 ||    14
Armor: Robe              |    16 |     5 ||    21
Dodge: Dodged            |    32 |     8 ||    40

Table legend: (Time is in decaauts)
 A = Elapsed time spent in this place.
 B = Non-inter-level travel time spent in this place.
 C = Inter-level travel time spent in this place.
 D = Time resting spent in this place.
 E = Time spent auto-exploring this place.
 F = Levels seen in this place.
 G = Mean time per level.
                   A        B        C        D        E       F      G
               +--------+--------+--------+--------+--------+-----+--------+
         Total |   1986 |   1986 |      0 |     90 |   1500 |   2 |  993.0 |
       Dungeon |   1986 |   1986 |      0 |     90 |   1500 |   2 |  993.0 |
               +--------+--------+--------+--------+--------+-----+--------+

Top non-repeatable levels by time:
     D:2: 1172 daAuts
     D:1: 814 daAuts
